 Dungeon Crawl Stone Soup version 0.30-a0-620-g0e44632947 (webtiles) character file.

Game seed: 7788130043612054093

12068 KristoblXynda the Carver (level 11, -16/105 HPs)
             Began as a Black Draconian Gladiator on Jan 10, 2023.
             Was an Initiate of Gozag.
             Demolished by a two-headed ogre
             ... wielding a +0 giant spiked club
              (23 damage)
             ... on level 11 of the Dungeon.
             The game lasted 00:16:17 (10846 turns).

KristoblXynda the Carver (DrGl)                    Turns: 10846, Time: 00:16:17

Health: -16/105    AC: 14    Str: 16    XL:     11   Next: 57%
Magic:  11/11      EV: 18    Int: 10    God:    Gozag
Gold:   673        SH:  0    Dex: 19    Spells: 10/10 levels left

rFire   . . .      SeeInvis .    s - +4 great sword (freeze)
rCold   + . .      Faith    .    (shield currently unavailable)
rNeg    . . .      Spirit   .    (body armour unavailable)
rPois   +          Reflect  .    p - +0 hat of Hibluh {rPois rC+ Will+ Stlth+}
rElec   +          Harm     .    F - +0 cloak
rCorr   .          Rampage  .    J - +2 pair of gloves {Dex+3}
Will    +....                    d - +2 pair of boots {Stlth+}
Stlth   ++++                     y - amulet of regeneration
HPRegen 1.17/turn                z - ring of flight
MPRegen 0.12/turn                (no ring)

@: gold aura, flying, studying Fighting
A: breathe lightning, AC +7, unfitting armour, electricity resistance,
cold-blooded
a: Breathe Lightning, Renounce Religion, Potion Petition, Call Merchant, Bribe
Branch


You were on level 11 of the Dungeon.
You worshipped Gozag.
Gozag was pleased with you.
You visited 2 branches of the dungeon, and saw 12 of its levels.
You also visited: Bailey.

You collected 1993 gold pieces.
You spent 1144 gold pieces at shops.
You paid 176 gold pieces to Gozag.

Inventory:

Hand Weapons
 a - a +4 scimitar of flaming
 s - a +4 great sword of freezing (weapon)
Missiles
 c - 2 throwing nets (quivered)
Armour
 d - a +2 pair of boots of stealth (worn)
 e - the +3 kite shield of Sileh {rC+ Int+3}
   (You acquired it on level 7 of the Dungeon)

   Int:       It affects your intelligence (+3).
   rC:        It protects you from cold.
 p - the +0 hat of Hibluh (worn) {rPois rC+ Will+ Stlth+}
   (You found it on level 4 of the Dungeon)

   rC:        It protects you from cold.
   rPois:     It protects you from poison.
   Will:      It increases your willpower.
   Stlth:     It makes you more stealthy.
 F - a +0 cloak (worn)
 J - a +2 pair of gloves of dexterity (worn)
Jewellery
 y - an amulet of regeneration (around neck)
 z - a ring of flight (left hand)
Wands
 l - a wand of iceblast (5)
 B - a wand of digging (6)
 H - a wand of mindburst (9)
Scrolls
 g - 4 scrolls of fog
 i - a scroll of brand weapon
 j - a scroll of blinking
 m - 2 scrolls of summoning
 n - a scroll of amnesia
 r - 4 scrolls of identify
 t - 3 scrolls of fear
 w - 6 scrolls of teleportation
 I - 2 scrolls of magic mapping
 K - a scroll of enchant armour {unknown}
Potions
 b - a potion of might
 f - 6 potions of haste
 h - 10 potions of curing
 k - 5 potions of heal wounds
 o - 2 potions of lignification {unknown}
 q - 5 potions of resistance
 u - 3 potions of invisibility {unknown}
 v - a potion of flight
 A - a potion of berserk rage {unknown}
 C - 5 potions of mutation {unknown}
 D - a potion of cancellation {unknown}
 E - a potion of brilliance {unknown}
 G - 2 potions of magic {unknown}
 L - a potion of ambrosia {unknown}
Miscellaneous
 x - a condenser vane


   Skills:
 + Level 12.6 Fighting
 * Level 13.4 Long Blades
 - Level 2.0 Throwing
 + Level 9.1 Dodging


You had 10 spell levels left.
You didn't know any spells.
Your spell library contained the following spells:

 Spells                   Type           Power      Damage    Failure   Level
 Dazzling Flash           Conj/Hex       0%         N/A       75%         3
 Agony                    Necr           0%         N/A       100%        5
 Silence                  Hex/Air        0%         N/A       100%        5
 Conjure Ball Lightning   Conj/Air       0%         3x3d6     100%        6
 Discord                  Hex            0%         N/A       100%        8
 Disjunction              Tloc           0%         N/A       100%        8


Dungeon Overview and Level Annotations

Branches:
Dungeon (11/15)            Temple (1/1) D:7             Orc (0/2) D:9
 Bailey (visited)
   Lair: D:8-11

Altars:
Ashenzari
Cheibriados
Dithmenos
Elyvilon
Fedhas
Gozag
Hepliaklqana
Kikubaaqudgha
Makhleb
Nemelex Xobeh
Okawaru
Qazlal
Ru
Sif Muna
Trog
Uskayaw
Vehumet
Wu Jian
Xom
Yredelemnul
Zin
The Shining One

Shops:
D:5 *   D:6 !   D:7 [*!?   D:9 *[?[

Annotations:
D:11 3 runed translucent doors, exclusion: obsidian statue, Erica; semem's ghost, journeyman TeMo


Innate Abilities, Weirdness & Mutations

You can breathe wild blasts of lightning.
Your glossy black scales are hard. (AC +7)
You cannot fit into any form of body armour.
You are resistant to electric shocks. (rElec)
You are cold-blooded and may be slowed by cold attacks.


Message History

Erica hits you with a +2 scimitar of flaming!
Erica burns you.
You barely miss Erica.
Erica is severely wounded.
Erica casts a spell.
Erica flickers and vanishes!
Deactivating autopickup; reactivate with Ctrl-A.
The centaur shoots an arrow.
The centaur is distracted by your dazzling golden aura. x2
The centaur shouts!
The centaur shouts!
You hit the two-headed ogre but do no damage.
The centaur is no longer distracted by gold.
The two-headed ogre hits you with a +0 giant spiked club!
The two-headed ogre hits you with a +0 giant spiked club.
You hit the two-headed ogre. You freeze the two-headed ogre.
You tail-slap the two-headed ogre.
The two-headed ogre is lightly wounded.
The two-headed ogre closely misses you.
The two-headed ogre hits you with a +0 giant spiked club.
You barely miss the two-headed ogre.
The two-headed ogre is lightly wounded.
The centaur is no longer distracted by gold.
You slice the two-headed ogre!! You freeze the two-headed ogre!
The two-headed ogre is severely wounded.
The two-headed ogre misses you.
The two-headed ogre hits you with a +0 giant spiked club!
* * * LOW HITPOINT WARNING * * *
You hit the two-headed ogre. You freeze the two-headed ogre.
You tail-slap the two-headed ogre, but do no damage.
The two-headed ogre is severely wounded.
The two-headed ogre hits you with a +0 giant spiked club!!
* * * LOW HITPOINT WARNING * * *
The two-headed ogre barely misses you.
You feel much better.
The two-headed ogre hits you with a +0 giant spiked club!
* * * LOW HITPOINT WARNING * * *
The two-headed ogre hits you with a +0 giant spiked club!!
You die...
Your body crumbles into a pile of gold.

..#..#
#............
[....#
#............
.....#
#...####.####
......# #...#
#.#
...##.####...#
#.# #........#
#.# #........#
#.# .
#........# #.#
... #@####...#
#.# .....##O#
#...# #.####
......c{#
#...####.....
##....$c#
#............
#......#
#........^###
#......#
#...###...#
#......# #...#
#...# #......#
#...# #...#
#......# #...#
#...#


You could see a two-headed ogre and 2 centaurs.

Vanquished Creatures
  A two-headed ogre (D:9)
  An obsidian statue (D:10)
  An ugly thing (D:8)
  A cyclops (D:11)
  7 trolls
  Grinder (D:6)
  A hornet (D:9)
  Prince Ribbit (D:5)
  A slime creature (D:9)
  A shadow (D:10)
  A wyvern (D:11)
  9 yaks (D:10)
  A vampire (D:9)
  2 wraiths
  Grum (D:10)
  2 steam dragons
  A water moccasin (D:9)
  An ice beast (D:7)
  A black bear (D:8)
  2 orc warriors
  A sky beast (D:8)
  4 wolves (D:10)
  6 centaurs
  4 ogres
  A phantom (D:6)
  Blork the orc (D:5)
  6 scorpions
  4 bullfrogs
  A necrophage (D:8)
  2 gnoll sergeants
  11 wights
  14 killer bees
  3 howler monkeys
  3 electric eels (D:10)
  A crimson imp (D:6)
  2 lava snakes (D:8)
  7 orc priests
  5 hounds
  6 jellies (D:9)
  2 gnoll boudas
  4 iguanas
  Ijyb (D:3)
  10 orc wizards
  Natasha (thrice) (D:2)
  13 gnolls
  6 adders
  2 shadow imps
  A white imp (D:8)
  An ufetubus (D:5)
  2 dart slugs
  59 orcs
  5 ball pythons
  4 bats
  21 endoplasms
  5 giant cockroaches
  18 goblins
  5 hobgoblins
  3 jackals (D:4)
  3 kobolds (D:3)
  3 quokkas
  4 frilled lizards
  6 rats
300 creatures vanquished.

Vanquished Creatures (others)
  15 fungi
  9 plants (D:11)
24 creatures vanquished.

Grand Total: 324 creatures vanquished

Notes
Turn   | Place    | Note
-------+----------+-------------------------------------------
     0 | D:1      | KristoblXynda the Draconian Gladiator began the quest for
                  | the Orb.
     0 | D:1      | Reached XP level 1. HP: 17/17 MP: 1/1
   351 | D:1      | Reached XP level 2. HP: 25/25 MP: 2/2
   818 | D:2      | You fall into a shaft and drop 2 floors!
   823 | D:4      | Noticed a scorpion
   832 | D:4      | Killed a scorpion
   833 | D:4      | Reached skill level 4 in Long Blades
   833 | D:4      | Reached XP level 3. HP: 28/31 MP: 3/3
   833 | D:4      | Reached XP level 4. HP: 34/38 MP: 4/4
  1158 | D:4      | Identified the +0 hat of Hibluh {rPois rC+ Will+ Stlth+}
  1428 | D:4      | Found a glowing silver altar of Zin.
  1724 | D:4      | Reached XP level 5. HP: 45/45 MP: 5/5
  1977 | D:3      | Noticed Ijyb
  1997 | D:3      | Killed Ijyb
  2099 | D:3      | Found a white marble altar of Elyvilon.
  2151 | D:3      | Found a bloodstained altar of Trog.
  2593 | D:2      | Noticed Natasha
  2604 | D:2      | Killed Natasha
  2605 | D:2      | Reached skill level 5 in Long Blades
  2776 | D:2      | Noticed Natasha
  2790 | D:2      | Killed Natasha
  2791 | D:2      | Reached XP level 6. HP: 43/52 MP: 6/6
  2898 | D:2      | Noticed Natasha
  2904 | D:2      | Killed Natasha
  3100 | D:5      | Entered Level 5 of the Dungeon
  3190 | D:5      | Found Ocloid's CLEARANCE SALE!.
  3198 | D:5      | Bought a scroll of fear for 24 gold pieces
  3607 | D:5      | Reached skill level 6 in Long Blades
  3607 | D:5      | Your scales start taking on a glossy black colour.
  3607 | D:5      | Reached XP level 7. HP: 40/60 MP: 7/7
  3607 | D:5      | Gained mutation: You are resistant to electric shocks.
                  | (rElec) [Black Draconian growth]
  3761 | D:5      | Reached skill level 5 in Fighting
  3876 | D:5      | Noticed Blork the orc
  3886 | D:5      | Killed Blork the orc
  4063 | D:5      | Noticed Prince Ribbit
  4079 | D:5      | Killed Prince Ribbit
  4080 | D:5      | Reached skill level 7 in Long Blades
  4080 | D:5      | Reached skill level 5 in Dodging
  4080 | D:5      | Reached XP level 8. HP: 35/69 MP: 8/8
  4343 | D:6      | Found Wytu's Distillery.
  4474 | D:6      | Bought a potion of might for 52 gold pieces
  4474 | D:6      | Bought a potion of heal wounds for 65 gold pieces
  4599 | D:6      | Found a stormy altar of Qazlal.
  4692 | D:6      | Reached skill level 8 in Long Blades
  5034 | D:6      | Noticed Grinder
  5036 | D:6      | Paralysed by Grinder for 4 turns
  5061 | D:6      | Killed Grinder
  5178 | D:6      | Found a burning altar of Makhleb.
  5205 | D:6      | Reached XP level 9. HP: 78/78 MP: 9/9
  5420 | D:7      | Identified a scroll of acquirement
  5420 | D:7      | Acquired the +3 kite shield of Sileh {rC+ Int+3}
  5484 | D:7      | Found a staircase to the Ecumenical Temple.
  5503 | D:7      | Reached skill level 9 in Long Blades
  5686 | D:7      | Identified the +8 dagger of the Hairy God {flame, Dex+5}
  5742 | D:7      | Found Ebahimn's Magic Scroll Shop.
  5781 | D:7      | Found Nukem's Assorted Antiques.
  5796 | D:7      | Found Gufejirch's Distillery.
  5802 | D:7      | Bought a potion of heal wounds for 70 gold pieces
  5986 | D:7      | Found a flagged portal.
  6006 | Bailey   | Entered a bailey
  6284 | Bailey   | Acquired a manual of Fighting
  6379 | D:7      | Found Ihirun's Armour Shoppe.
  6532 | Temple   | Entered the Ecumenical Temple
  6696 | Temple   | Became a worshipper of Gozag Ym Sagoz the Greedy
  6794 | D:8      | Reached skill level 10 in Long Blades
  6847 | D:8      | Found a radiant altar of Vehumet.
  7147 | D:8      | Noticed a troll
  7152 | D:8      | Killed a troll
  7153 | D:8      | Reached XP level 10. HP: 58/90 MP: 10/10
  7204 | D:8      | Noticed a green ugly thing
  7217 | D:8      | Killed a green ugly thing
  7567 | D:9      | Reached skill level 11 in Long Blades
  7626 | D:9      | Found Xotamuly's Assorted Antiques.
  7677 | D:9      | Found Damo's Antique Armour Emporium.
  7682 | D:9      | Bought a pair of runed boots for 195 gold pieces
  7682 | D:9      | Bought a cloak for 117 gold pieces
  7720 | D:9      | Found Yrrui's Armour Shoppe.
  8078 | D:9      | Reached skill level 10 in Fighting
  8185 | D:9      | Found a staircase to the Orcish Mines.
  8261 | D:9      | Noticed a two-headed ogre
  8274 | D:9      | Killed a two-headed ogre
  8497 | D:9      | Found a hazy altar of Hepliaklqana.
  8507 | D:9      | Found Hest's Magic Scroll Shoppe.
  8548 | D:9      | Bought a scroll of brand weapon for 142 gold pieces
  8548 | D:9      | Bought a scroll of teleportation for 45 gold pieces
  8548 | D:9      | Bought a scroll of magic mapping for 112 gold pieces
  8611 | D:9      | Reached skill level 12 in Long Blades
  8786 | D:9      | Bought a +2 pair of gloves of dexterity for 322 gold pieces
  9016 | D:10     | Entered Level 10 of the Dungeon
  9481 | D:10     | Noticed Grum
  9500 | D:10     | Reached XP level 11. HP: 46/102 MP: 11/11
  9509 | D:10     | HP: 3/102 [Grum/-2 spear (11)]
  9510 | D:10     | Killed Grum
 10260 | D:10     | Noticed an obsidian statue
 10267 | D:10     | Noticed a sixfirhy
 10274 | D:10     | Killed an obsidian statue
 10275 | D:10     | Reached skill level 13 in Long Blades
 10606 | D:11     | Found a runed translucent gate.
 10607 | D:11     | Found a runed translucent gate.
 10607 | D:11     | Found a runed translucent gate.
 10607 | D:11     | Found an opulent altar of Gozag.
 10609 | D:11     | Noticed semem's ghost (journeyman TeMo)
 10609 | D:11     | Noticed a flayed ghost
 10609 | D:11     | Noticed an obsidian statue
 10610 | D:11     | Noticed an orc knight
 10611 | D:11     | Noticed a centaur warrior
 10822 | D:11     | Noticed Erica
 10825 | D:11     | Noticed a two-headed ogre
 10845 | D:11     | HP: 5/105 [two-headed ogre/+0 giant spiked club (20)]
 10846 | D:11     | Demolished by a two-headed ogre

Illustrated notes

Levels and vault maps discovered:
D:1:      minmay_arrival_semitransparent, layout_loops_corners,
          chequers_hall_statues_corner_a
D:2:      kennysheep_the_goblin_king, layout_rooms, uniq_natasha
D:3:      layout_loops_ring, mainiacjoe_overflow_six_doors_small,
          old_standard_altar, uniq_ijyb
D:4:      layout_loops_cross, zin_scriptorium, chequers_jeans,
          corexii_item_surrounded_by_moat, kennysheep_boxes
D:5:      layout_cave_pools, serial_co_window_serial, co_window_paths_b,
          co_window_paths_a, co_window_paths_a, co_window_paths_a,
          co_window_paths_b, co_window_broadway_b, co_window_2corner,
          co_window_paths_c, co_window_broadway_c, co_window_corner_b,
          co_window_broadway_a, glass_columns_b, glass_columns_a,
          glass_columns_b, glass_columns_a, glass_columns_a,
          nicolae_shop_clearance, uniq_prince_ribbit1, uniq_blork_the_orc
D:6:      layout_rooms, makhleb_grotto_becter, mainiacjoe_overflow_alcove_2,
          serial_shops, nicolae_stop_n_shop_1, minmay_crossroads, uniq_grinder
D:7:      kennysheep_spiral_hall, layout_basic,
          minmay_temple_entry_stoned_glass, enter_bailey_3, serial_shops,
          nicolae_take_the_stairs, shop, kennysheep_little_box, shop
D:8:      layout_rooms, amcnicky_altar_gilded, minmay_misc_feat_columns,
          grunt_ministairs_6, kennysheep_diamond
D:9:      lemuel_slime, layout_basic, mainiacjoe_overflow_alcove_4, erik_orc_3,
          serial_shops, nicolae_shop_trees, nicolae_shop_crystal,
          nicolae_diamond_shop, nicolae_shop_hallway_plus
D:10:     statuecave_lemuel, layout_irregular_city, uniq_grum
D:11:     layout_long_grid, grunt_lair_entry_orc_guard_hut, ebering_ghost_gozag,
          uniq_erica
Temple:   bh_familiar_temple

Skill      XL: |  1  2  3  4  5  6  7  8  9 10 11 |
---------------+----------------------------------+-----
Throwing       | 2 |  2.0
Fighting       | 3 4 5 6 8 11 12 | 12.6
Long Blades    | 4 5 6 7 8 10 12 13 | 13.4
Dodging        | 3 4 5 6 7 8 9 |  9.1

Action                   |  1- 3 |  4- 6 |  7- 9 | 10-12 || total
-------------------------+-------+-------+-------+-------++-------
Melee: Long sword        |    52 |   225 |   268 |       ||   545
       Tailslap          |     1 |    22 |    60 |    69 ||   152
       Punch             |     1 |     1 |     3 |     1 ||     6
       Great sword       |       |       |   128 |   178 ||   306
       Scimitar          |       |       |       |   202 ||   202
Throw: Throwing net      |     1 |       |       |       ||     1
 Abil: Breathe Lightning |       |       |     1 |       ||     1
  Use: Scroll            |       |     5 |    10 |     7 ||    22
       Potion            |       |       |     1 |     3 ||     4
 Stab: Sleeping          |     2 |     9 |    18 |     7 ||    36
       Distracted        |       |       |     1 |     3 ||     4
Armor: Skin              |    15 |    83 |   143 |   124 ||   365
Dodge: Dodged            |    29 |   173 |   367 |   375 ||   944

Table legend: (Time is in decaauts)
 A = Elapsed time spent in this place.
 B = Non-inter-level travel time spent in this place.
 C = Inter-level travel time spent in this place.
 D = Time resting spent in this place.
 E = Time spent auto-exploring this place.
 F = Levels seen in this place.
 G = Mean time per level.
                   A        B        C        D        E       F      G
               +--------+--------+--------+--------+--------+-----+--------+
         Total |  10914 |  10502 |    412 |   1744 |   6235 |  13 |  839.5 |
       Dungeon |  10436 |  10040 |    396 |   1744 |   6028 |  11 |  948.7 |
        Temple |    181 |    165 |     16 |      0 |    151 |   1 |  181.0 |
        Bailey |    296 |    296 |      0 |      0 |     56 |   1 |  296.0 |
               +--------+--------+--------+--------+--------+-----+--------+

Top non-repeatable levels by time:
     D:9: 1422 daAuts
    D:10: 1380 daAuts
     D:5: 1351 daAuts
     D:4: 1008 daAuts
     D:6: 979 daAuts
     D:7: 845 daAuts
     D:8: 841 daAuts
     D:1: 824 daAuts
     D:3: 730 daAuts
     D:2: 580 daAuts
    D:11: 470 daAuts
  Bailey: 296 daAuts
  Temple: 181 daAuts
